 Dungeon Crawl Stone Soup version 0.32-a0-791-gfc315c9ecd (webtiles) character file.

Game seed: 13577621846927263555

14573 funkygono the Arsonist (level 12, -16/64 HPs)
             Began as a Gargoyle Fire Elementalist on Mar 20, 2024.
             Was a Follower of Vehumet.
             Killed from afar by a rime drake (32 damage)
             ... with an icy flash freeze
             ... on level 1 of the Lair of Beasts.
             The game lasted 00:31:52 (14400 turns).

funkygono the Arsonist (GrFE)                      Turns: 14400, Time: 00:31:53

Health: -16/64     AC: 31    Str: 13    XL:     12   Next: 17%
Magic:  3/25       EV: 21    Int: 20    God:    Vehumet [*.....]
Gold:   399        SH:  0    Dex: 10    Spells: 18/30 levels left

rFire   . . .        o - +5 hammer of Taxation {flame, ^Contam Will+++ Stlth+}
rCold   . . .        (no shield)
rNeg    + . .        H - +4 acid dragon scales
rPois   ∞            h - +2 helmet
rElec   +            r - +2 cloak
rCorr   +            j - +1 pair of gloves
SInv    .            c - +2 pair of boots
Will    +++..        (no amulet)
Stlth   +++          m - +5 ring of evasion
HPRegen 0.30/turn    v - +5 ring of evasion
MPRegen 0.19/turn

%: no passive effects
@: no status effects
A: sickness immunity, AC +8, negative energy resistance 1, electricity
resistance, torment resistance 1, petrification resistance
a: Renounce Religion


You were on level 1 of the Lair of Beasts.
You worshipped Vehumet.
Vehumet was aware of your devotion.
You visited 3 branches of the dungeon, and saw 12 of its levels.

You collected 855 gold pieces.
You spent 456 gold pieces at shops.

Inventory:

Hand Weapons
 o - the +5 hammer of Taxation (weapon) {flame, ^Contam Will+++ Stlth+}
   (You found it on level 3 of the Dungeon)

   Will+++:   It greatly increases your willpower.
   ^Contam:   It causes magical contamination when unequipped.
   Stlth+:    It makes you more stealthy.
 s - a +1 whip
Missiles
 y - a throwing net
Armour
 c - a +2 pair of boots (worn)
 h - a +2 helmet (worn)
 j - a +1 pair of gloves (worn)
 r - a +2 cloak (worn)
 H - +4 acid dragon scales (worn)
Jewellery
 k - a ring of fire
 m - a +5 ring of evasion (left hand)
 v - a +5 ring of evasion (right hand)
Wands
 a - a wand of digging (4)
Scrolls
 d - 3 scrolls of teleportation
 e - a scroll of revelation
 l - a scroll of identify
 t - 2 scrolls of fear
 u - a scroll of amnesia
 D - 2 scrolls of summoning
Potions
 b - a potion of magic
 f - 5 potions of curing
 g - a potion of attraction
 i - 4 potions of brilliance
 n - a potion of might
 p - 2 potions of cancellation
 q - a potion of invisibility
 x - a potion of enlightenment
 G - 3 potions of heal wounds
 K - a potion of mutation {unknown}
Miscellaneous
 I - a tin of tremorstones (2/2)


   Skills:
 + Level 3.5 Fighting
 + Level 7.2 Maces & Flails
 + Level 4.3 Armour
 + Level 5.6 Dodging
 - Level 3.5 Stealth
 + Level 9.5 Spellcasting
 + Level 7.9 Conjurations
 + Level 9.7 Fire Magic
 + Level 2.9 Alchemy


You had 18 spell levels left.
You knew the following spells:

 Your Spells              Type           Power      Damage    Failure   Level
a - Foxfire               Conj/Fire      100%       2x1d9     1%          1
b - Scorch                Fire           96%        2d9       1%          2
c - Flame Wave            Conj/Fire      44%        2d11      2%          4
d - Sting                 Conj/Alch      100%       1d9       1%          1
e - Olgreb's Toxic Radia  Alch           21%        N/A       30%         4

Your spell library contained the following spells:

 Spells                   Type           Power      Damage    Failure   Level
 Sandblast                Erth           18%        2d7       11%         1
 Shock                    Conj/Air       100%       1d9       1%          1
 Inner Flame              Hex/Fire       29%        N/A       4%          3
 Volatile Blastmotes      Fire/Tloc      58%        2d14      4%          3
 Mercury Vapours          Alch/Air       30%        N/A       9%          2
 Necrotise                Necr           36%        1d5       11%         1
 Swiftness                Air            9%         N/A       30%         3
 Vampiric Draining        Necr           9%         2d6       30%         3
 Airstrike                Air            4%         2d(1-17)  71%         4
 Martyr's Knell           Necr/Summ      9%         N/A       71%         4
 Curse of Agony           Necr           9%         N/A       96%         5


Dungeon Overview and Level Annotations

Branches:
Dungeon (10/15)            Temple (1/1) D:5            Lair (1/5) D:9
    Orc (0/2) D:9

Altars:
Ashenzari
Cheibriados
Dithmenos
Elyvilon
Fedhas
Gozag
Hepliaklqana
Kikubaaqudgha
Makhleb
Nemelex Xobeh
Okawaru
Qazlal
Ru
Sif Muna
Trog
Uskayaw
Vehumet
Wu Jian
Xom
Yredelemnul
Zin
The Shining One

Shops:
D:2 ?(*=   D:4 (   D:6 ?


Innate Abilities, Weirdness & Mutations

You are immune to sickness and miasma.
Your stone body is resilient. (AC +8)
You are immune to poison.
You resist negative energy. (rN+)
You are resistant to electric shocks. (rElec)
You are resistant to unholy torment.
You are immune to petrification.


Message History

The pile of debris is lightly damaged. (Press . to intensify the flame waves.)
The rime drake bites you but does no damage.
A wave of flame ripples out!
The flame wave engulfs the rime drake!
The rime drake is heavily wounded.
The flame wave engulfs the elephant!
The elephant is heavily wounded.
The flame wave engulfs the pile of debris.
The pile of debris resists.
The pile of debris is lightly damaged.
The flame wave engulfs the elephant.
The elephant is lightly wounded.
The flame wave engulfs the elephant!
The elephant is lightly wounded.
The ice encasing you melts away.
You hear an angry hiss.
The rime drake completely misses you.
The elephant tramples you but does no damage.
The elephant trunk-slaps you but does no damage.
The rime drake completely misses you.
A wave of flame ripples out!
The flame wave engulfs the rime drake.
The rime drake is heavily wounded.
The flame wave engulfs the elephant but does no damage.
The elephant is lightly wounded.
The flame wave engulfs the elephant!
The elephant is severely wounded.
The flame wave engulfs the pile of debris!
The pile of debris resists.
The pile of debris is lightly damaged.
The flame wave engulfs the elephant.
The elephant is lightly wounded.
You finish channelling waves of flame.
The elephant tramples you but does no damage.
The elephant closely misses you. The elephant tramples you!
* * * LOW HITPOINT WARNING * * *
You hold your ground!
The elephant barely misses you. The rime drake breathes ice at you.
The icy flash freeze hits you!!
Ouch! That really hurt!
You die...

#.....#>..# ...>..# ..>#
#.....#...###.....# ....
#......##..####...## #..
........#...###.I.# #...
##............#...##....
#........#...........#
#####.....#.........#
###...##...Y...#..
#.....##Y@.#....
#.......kIY......
#...÷......###...
##...##.....# .
####..#.....#
#.##Y#......#
#..Y.†......... ######
#...†##........
##.#P###....##.......#


You could see 3 elephants and a rime drake (catching breath).

Vanquished Creatures
  A cyclops (D:9)
  2 elephants (Lair:1)
  Maurice (D:8)
  A cane toad (Lair:1)
  An unseen horror (D:8)
  2 gargoyles (D:10)
  3 komodo dragons (Lair:1)
  A queen bee (D:8)
  A polar bear (Lair:1)
  2 trolls
  Grinder (D:4)
  2 hornets (D:9)
  4 blink frogs (Lair:1)
  8 yaks (D:10)
  2 wyverns
  Eustachio (D:6)
  2 steam dragons
  Menkaure (D:4)
  Edmund (D:5)
  An acid dragon (D:9)
  7 water moccasins
  3 ice beasts
  3 sky beasts
  4 orc warriors
  2 black bears
  2 ogres
  3 centaurs
  6 wolves (Lair:1)
  A phantom (D:5)
  8 kobold brigands
  4 bullfrogs
  3 scorpions
  21 wights
  17 killer bees
  A crimson imp (D:5)
  4 howler monkeys
  3 bombardier beetles
  4 hounds
  11 orc priests
  Crazy Yiuf (D:3)
  A sleepcap (D:4)
  Ijyb (D:4)
  5 iguanas
  8 orc wizards
  7 gnolls (D:6)
  8 adders
  3 shadow imps
  A white imp (D:8)
  2 dart slugs
  4 ribbon worms
  32 orcs
  11 ball pythons
  6 endoplasms
  5 giant cockroaches
  6 goblins
  5 hobgoblins
  2 jackals (D:1)
  4 quokkas
  8 bats
  5 frilled lizards
  27 kobolds
  8 rats
305 creatures vanquished.

Vanquished Creatures (collateral kills)
  A foxfire (Lair:1)
1 creature vanquished.

Vanquished Creatures (others)
  546 foxfires
546 creatures vanquished.

Grand Total: 852 creatures vanquished

Notes
Turn   | Place    | Note
-------+----------+-------------------------------------------
     0 | D:1      | funkygono the Gargoyle Fire Elementalist began the quest
                  | for the Orb.
     0 | D:1      | Reached XP level 1. HP: 10/10 MP: 3/3
   174 | D:1      | Reached XP level 2. HP: 15/15 MP: 0/5
   430 | D:1      | Learned a level 2 spell: Scorch
   831 | D:1      | Reached XP level 3. HP: 19/19 MP: 3/6
  1248 | D:2      | Found Wieleanayn's Distillery.
  1326 | D:2      | Found Viphanys's General Store.
  1329 | D:2      | Bought a scroll of enchant armour for 75 gold pieces
  1679 | D:2      | Reached XP level 4. HP: 24/24 MP: 2/7
  1730 | D:2      | Found Anudeiq's Jewellery Boutique.
  2207 | D:2      | Found Xyluvviv's Magic Scroll Boutique.
  2245 | D:2      | Found Nuegaisch's Antique Weapon Shop.
  2594 | D:2      | Found a faded altar of an unknown god.
  3433 | D:3      | Found a runed translucent door.
  3434 | D:3      | Noticed Crazy Yiuf
  3513 | D:3      | Found a glowing golden altar of the Shining One.
  3513 | D:3      | Found a shimmering blue altar of Sif Muna.
  3513 | D:3      | Found an ornate altar of the Wu Jian Council.
  3638 | D:3      | Killed Crazy Yiuf
  3642 | D:3      | Identified the +5 hammer of Taxation {flame, ^Contam
                  | Will+++ Stlth+}
  3830 | D:4      | Reached XP level 5. HP: 28/28 MP: 0/10
  3975 | D:4      | Noticed Grinder
  3982 | D:4      | Killed Grinder
  3983 | D:4      | Reached skill level 1 in Maces & Flails
  3983 | D:4      | Reached skill level 5 in Fire Magic
  3983 | D:4      | Reached XP level 6. HP: 26/32 MP: 3/12
  4224 | D:4      | Reached XP level 7. HP: 36/36 MP: 6/13
  4323 | D:4      | Noticed Menkaure
  4328 | D:4      | Killed Menkaure
  4335 | D:4      | Learned a level 4 spell: Flame Wave
  4339 | D:4      | Learned a level 1 spell: Sting
  4404 | D:4      | Found Zuczuvy's Antique Weapon Boutique.
  4996 | D:4      | Found an opulent altar of Gozag.
  5029 | D:4      | Reached skill level 5 in Spellcasting
  5117 | D:4      | Noticed Ijyb
  5143 | D:4      | Reached XP level 8. HP: 41/41 MP: 5/15
  5150 | D:4      | Killed Ijyb
  5318 | D:4      | Learned a level 4 spell: Olgreb's Toxic Radiance
  5330 | D:5      | Entered Level 5 of the Dungeon
  5330 | D:5      | Found a staircase to the Ecumenical Temple.
  6038 | D:5      | Found a shimmering altar of Xom.
  6039 | D:5      | Found a burning altar of Makhleb.
  6262 | D:6      | Reached skill level 1 in Fighting
  6448 | D:6      | Reached XP level 9. HP: 44/47 MP: 0/18
  6666 | D:6      | Noticed Eustachio
  6679 | D:6      | Killed Eustachio
  6680 | D:6      | Reached skill level 1 in Armour
  6984 | D:6      | Noticed Edmund
  7038 | D:5      | Killed Edmund
  7501 | D:6      | Found Ahosic's Magic Scroll Boutique.
  7510 | D:6      | Bought a scroll of identify for 30 gold pieces
  7510 | D:6      | Bought a scroll of identify for 30 gold pieces
  7510 | D:6      | Bought a scroll of identify for 30 gold pieces
  7677 | D:6      | Found a sparkling altar of Nemelex Xobeh.
  7761 | D:7      | Reached skill level 5 in Maces & Flails
  8063 | D:6      | Reached skill level 1 in Alchemy
  8063 | D:6      | Reached XP level 10. HP: 50/53 MP: 16/20
  8794 | D:8      | Noticed Maurice
  8803 | D:8      | Killed Maurice
  8804 | D:8      | Reached skill level 5 in Conjurations
  9158 | D:8      | Killed an unseen horror
  9239 | D:8      | Identified the +2 dagger of Unreason {protect, Will+ Int+4}
 10071 | Temple   | Entered the Ecumenical Temple
 10439 | D:9      | Reached XP level 11. HP: 59/59 MP: 10/22
 10566 | D:9      | Found a staircase to the Lair.
 10702 | D:9      | Noticed a cyclops
 10715 | D:9      | Killed a cyclops
 10947 | D:9      | Found a staircase to the Orcish Mines.
 12315 | D:2      | Bought a scroll of enchant armour for 97 gold pieces
 12315 | D:2      | Bought a scroll of enchant armour for 97 gold pieces
 12315 | D:2      | Bought a scroll of enchant armour for 97 gold pieces
 12477 | D:10     | Entered Level 10 of the Dungeon
 12499 | D:10     | Reached skill level 5 in Dodging
 13026 | D:10     | Found a radiant altar of Vehumet.
 13034 | D:10     | Became a worshipper of Vehumet
 13651 | Lair:1   | Entered Level 1 of the Lair of Beasts
 14044 | Lair:1   | Reached XP level 12. HP: 64/64 MP: 15/25
 14384 | Lair:1   | Reached * piety under Vehumet
 14384 | Lair:1   | Offered knowledge of Sandblast by Vehumet.
 14400 | Lair:1   | Killed from afar by a rime drake

Illustrated notes

Levels and vault maps discovered:
D:1:      roadster_arrival_rocket_small, layout_loops_ring
D:2:      minmay_thinvault, layout_basic,
          hellmonk_ecumenical_altar_heavens_door, serial_shops, shop,
          nicolae_shop_rolled_up, nicolae_shop_real_fake_doors,
          nicolae_diamond_shop, nicolae_shop_pleasant_corner_grove,
          nicolae_titane
D:3:      layout_loops_ring, gammafunk_temple_overflow_claw,
          uniq_crazy_yiuf_cottage
D:4:      minmay_chambers_of_threes, layout_loops_cross,
          grunt_gozag_breadcrumbs, serial_shops, nicolae_shop_hallway_plus,
          small_statue_intersection, minivault_5, lexackson_kobold_supper,
          uniq_ijyb, uniq_grinder, uniq_menkaure
D:5:      layout_loops_ring, grunt_temple_overflow_champion_of_chaos,
          minmay_temple_entry_arrows
D:6:      layout_cave_pods, nemelex_diamond_rough_becter, serial_shops, shop,
          uniq_eustachio, uniq_edmund
D:7:      layout_rooms
D:8:      layout_basic, minivault_24, grunt_ministairs_10,
          nicolae_looking_at_the_future, uniq_maurice
D:9:      kennysheep_blocky_hall, layout_layer_cave, lair_entry_dummy,
          erik_orc_3
D:10:     layout_basic, vehumet_crystals
Temple:   eino_temple_lava
Lair:1:   layout_gridlike, nicolae_volcano_entry_vermiform, disabler_island,
          grunt_megastairs_5

Skill      XL: |  1  2  3  4  5  6  7  8  9 10 11 12 |
---------------+-------------------------------------+-----
Fire Magic     | 4 5 6 7 8 9 |  9.7
Spellcasting   | 3 4 5 6 7 9 |  9.5
Maces & Flails | 1 2 4 5 6 7 |  7.2
Conjurations   | 2 3 4 6 7 |  7.9
Dodging        | 2 3 4 5 |  5.6
Stealth        | 3 |  3.5
Fighting       | 1 2 3 |  3.5
Armour         | 2 3 4 |  4.3
Alchemy        | 1 2 |  2.9

Action                     |  1- 3 |  4- 6 |  7- 9 | 10-12 || total
---------------------------+-------+-------+-------+-------++-------
  Melee: Unarmed           |     8 |       |       |       ||     8
         Club              |     3 |    17 |       |       ||    20
         Whip              |       |     5 |       |       ||     5
         Mace              |       |     9 |   141 |   207 ||   357
   Cast: Foxfire           |    43 |    43 |   116 |   128 ||   330
         Scorch            |     8 |    24 |    59 |    34 ||   125
         Sting             |       |       |    40 |   139 ||   179
         Flame Wave        |       |       |       |    21 ||    21
    Use: Scroll            |       |    11 |    11 |     9 ||    31
         Potion            |       |       |       |     2 ||     2
   Stab: Sleeping          |       |     1 |       |       ||     1
 Armour: Robe              |     6 |    22 |    22 |       ||    50
         Ring mail         |       |       |    45 |       ||    45
         Leather armour    |       |       |    52 |    79 ||   131
         Acid dragon scale |       |       |       |   113 ||   113
  Dodge: Dodged            |     4 |    21 |   287 |   383 ||   695

Table legend: (Time is in decaauts)
 A = Elapsed time spent in this place.
 B = Non-inter-level travel time spent in this place.
 C = Inter-level travel time spent in this place.
 D = Time resting spent in this place.
 E = Time spent auto-exploring this place.
 F = Levels seen in this place.
 G = Mean time per level.
                   A        B        C        D        E       F      G
               +--------+--------+--------+--------+--------+-----+--------+
         Total |  14466 |  13742 |    724 |     83 |  11071 |  12 | 1205.5 |
       Dungeon |  13703 |  12982 |    721 |     83 |  10552 |  10 | 1370.3 |
        Temple |     11 |      9 |      2 |      0 |      0 |   1 |   11.0 |
          Lair |    751 |    751 |      0 |      0 |    519 |   1 |  751.0 |
               +--------+--------+--------+--------+--------+-----+--------+

Top non-repeatable levels by time:
     D:9: 2019 daAuts
     D:6: 1712 daAuts
     D:4: 1587 daAuts
     D:2: 1514 daAuts
     D:8: 1461 daAuts
     D:3: 1194 daAuts
     D:1: 1176 daAuts
    D:10: 1048 daAuts
     D:5: 1035 daAuts
     D:7: 953 daAuts
  Lair:1: 751 daAuts
  Temple: 11 daAuts
